 Dungeon Crawl Stone Soup version 0.28-a0-998-gb9e9c7b67e (webtiles) character file.

Game seed: 3297743584278991283

23 ytrimaz the Insei (level 2, 0/18 HPs)
             Began as an Octopode Transmuter on Dec 5, 2021.
             Succumbed to an adder's poison
             ... on level 2 of the Dungeon.
             The game lasted 00:02:03 (1140 turns).

ytrimaz the Insei (Octopode Transmuter)             Turns: 1140, Time: 00:02:03

Health: 0/18       AC:  1    Str:  9    XL:     2   Next: 95%
Magic:  13/14      EV: 13    Int: 21    God:
Gold:   54         SH:  0    Dex: 10    Spells: 4/5 levels left

rFire   + . .      SeeInvis .     - Unarmed
rCold   . . .      Faith    .   (no shield)
rNeg    + . .      Spirit   .   (helmet currently unavailable)
rPois   .          Reflect  .   (no amulet)
rElec   .          Harm     .   b - ring of Loon {rF+ rN+ rCorr Int+6 Dex-2}
rCorr   +          Rampage  .   a - ring of magical power
Will    .....                   (no ring)
Stlth   ++........              (no ring)
HPRegen 0.06/turn               (no ring)
MPRegen 0.14/turn               (no ring)
                                (no ring)
                                (no ring)

@: lethally poisoned (0 -> -3), appendages, very slightly contaminated,
invisible
A: tentacle spike 3, almost no armour, amphibious, 8 rings, camouflage 1,
gelatinous body 1, (nimble swimmer 1), tentacles
a: End Transformation


You were on level 2 of the Dungeon.
One of your tentacles had grown a beastly spike.
You visited 1 branch of the dungeon, and saw 2 of its levels.

You collected 54 gold pieces.

Inventory:

Jewellery
 a - a ring of magical power (right tentacle)
 b - the ring of Loon (left tentacle) {rF+ rN+ rCorr Int+6 Dex-2}
   (You acquired it on level 1 of the Dungeon)

   [ring of intelligence]

   Int:       It affects your intelligence (+6).
   Dex:       It affects your dexterity (-2).
   rF:        It protects you from fire.
   rN:        It protects you from negative energy.
   rCorr:     It protects you from acid and corrosion.


   Skills:
 * Level 1.3 Fighting
 + Level 2.2 Dodging
 + Level 3.4 Unarmed Combat
 + Level 2.2 Spellcasting
 + Level 2.1 Transmutations


You had 4 spell levels left.
You knew the following spells:

 Your Spells              Type           Power      Damage    Failure   Level
a - Beastly Appendage     Tmut           22%        N/A       6%          1

Your spell library contained the following spells:

 Spells                   Type           Power      Damage    Failure   Level
 Wereblood                Tmut           11%        N/A       9%          2
 Spider Form              Tmut/Pois      6%         N/A       28%         3
 Ice Form                 Ice/Tmut       6%         N/A       67%         4


Dungeon Overview and Level Annotations

Branches:
Dungeon (2/15)

Altars:


Innate Abilities, Weirdness & Mutations

One of your tentacles has grown a beastly spike.
You cannot wear most types of armour.
You are amphibious.
You can wear up to eight rings at the same time.
Your skin changes colour to match your surroundings (Stealth+).
Your rubbery body absorbs attacks. (AC +1, EV +1)
((You are camouflaged near water. (Stealth+)))
You have tentacles for arms and can constrict up to eight enemies at once.


Message History

You barely miss the adder. Your grab misses the adder.
You pierce the adder.
The adder is heavily wounded.
You feel sick. The adder bites you.
You are lethally poisoned!
The adder poisons you!
You closely miss the adder. Your grab misses the adder.
Your tentacle spike misses the adder.
The adder is heavily wounded.
You feel sick. The adder closely misses you. x2
Unknown command.
It was a potion of invisibility.
You fade into invisibility!
* * * LOW HITPOINT WARNING * * *
You feel sick. The adder bites you.
* * * LOW HITPOINT WARNING * * *
Unknown command.
You aren't carrying any scrolls.
Unknown command.
Unknown command.
Unknown command.
You aren't carrying any scrolls.
Casting: Beastly Appendage (safe; 6% risk of failure)
Confirm with . or Enter, or press ? or * to list all spells.
You miscast Beastly Appendage.
You are very lightly contaminated with residual magic.
Nothing appears to happen.
* * * LOW HITPOINT WARNING * * *
You feel sick. The adder misses you.
You strike the helpless adder from behind!
You tentacle-slap the adder. You grab the adder.
You pierce the adder.
The adder is almost dead.
You constrict the adder.
* * * LOW HITPOINT WARNING * * *
You feel sick.
The adder struggles to escape constriction.
You barely miss the adder.
The adder is almost dead.
You constrict the adder.
You kill the adder!
You die...

###### #....# #######
#....#
.......#######....######
.......@..............>.
.......#################
..:.... .. ....... ##.
....... ... ####... .#.#
#... .. #... .##


There were no monsters in sight!

Vanquished Creatures
  An adder (D:2)
  A dart slug (D:1)
  A giant cockroach (D:1)
  4 goblins (D:1)
  2 hobgoblins (D:1)
  4 jackals (D:1)
  2 kobolds (D:1)
  2 ball pythons (D:1)
  A bat (D:1)
  A rat (D:1)
19 creatures vanquished.

Notes
Turn   | Place    | Note
-------+----------+-------------------------------------------
     0 | D:1      | ytrimaz the Octopode Transmuter began the quest for the
                  | Orb.
     0 | D:1      | Reached XP level 1. HP: 13/13 MP: 3/3
   325 | D:1      | Reached XP level 2. HP: 11/18 MP: 5/5
   498 | D:1      | Identified a scroll of acquirement
   798 | D:1      | Found a faded altar of an unknown god.
  1029 | D:1      | Acquired the ring of Loon {rF+ rN+ rCorr Int+6 Dex-2}
  1140 | D:2      | Succumbed to an adder's poison

Illustrated notes

Levels and vault maps discovered:
D:1:      lightli_arrival_quake, layout_rooms, serial_glass, glass_columns_a,
          glass_columns_c, basic_ecumenical_altar
D:2:      layout_basic

Action                   || total
-------------------------++-------
Melee: Unarmed           ||    44
       Constrict         ||    11
       Kick              ||     9
       Punch             ||     2
       Tentacles         ||     5
 Cast: Beastly Appendage ||     9
  Use: Scroll            ||     3
       Potion            ||     1
 Stab: Invisible         ||     1
Armor: Skin              ||     2
Dodge: Dodged            ||    28

Table legend: (Time is in decaauts)
 A = Elapsed time spent in this place.
 B = Non-inter-level travel time spent in this place.
 C = Inter-level travel time spent in this place.
 D = Time resting spent in this place.
 E = Time spent auto-exploring this place.
 F = Levels seen in this place.
 G = Mean time per level.
                   A        B        C        D        E       F      G
               +--------+--------+--------+--------+--------+-----+--------+
         Total |   1136 |   1134 |      2 |    100 |    849 |   2 |  568.0 |
       Dungeon |   1136 |   1134 |      2 |    100 |    849 |   2 |  568.0 |
               +--------+--------+--------+--------+--------+-----+--------+

Top non-repeatable levels by time:
     D:1: 1107 daAuts
     D:2: 29 daAuts
